Cogmind - Beta 16.1 @@@ ROGUE MODE // 2026.02.23 @ 18:03:21 Player: Big Jerry Result: Destroyed by 1D-T53(R) with Subdweller Laser Performance ------------- Evolutions (0) 0 Regions Visited (2) 400 Robots Destroyed (17) 85 Value Destroyed (457) 457 Prototype IDs (0) 0 Alien Tech Used (0) 0 Bonus (0) 0 TOTAL SCORE: 942 Bonus ------- None Cogmind --------- Core Integrity 0/250 Matter 214/300 Energy 196/250 System Corruption 0% Temperature Cool (6) Movement Walking (120) Location -10/Subcaves Parts ------- > --- POWER (1) -------- Ion Engine > --- PROPULSION (2) --- Carbon-fiber Leg Myomer Leg > --- UTILITY (2) ------ Scrap Shield > --- WEAPON (2) ------- Particle Gun Autogun > --- INVENTORY (5) ---- Light Treads Improved Heat Sink Plasma Cutter Peak State ------------ > --- POWER ------------ Ion Engine > --- PROPULSION ------- Carbon-fiber Leg Myomer Leg > --- UTILITY ---------- Small Storage Unit Phase Shifter > --- WEAPON ----------- Particle Gun Autogun > --- INVENTORY -------- Light Treads Improved Heat Sink Scrap Shield Plasma Cutter [Rating: 22] Favorites ----------- Power Ion Engine Engine Ion Engine Propulsion Light Treads Treads Light Treads Leg Myomer Leg Utility Small Storage Unit Device Sensor Array Storage Small Storage Unit Protection Propulsion Shielding Weapon Autogun Energy Gun Particle Gun Ballistic Gun Autogun Ballistic Cannon Light Cannon Build | -11 -10 -10 ------- Run | Yrd Mat Sub Slots Evolved . | . . . Power . | . . . Propulsion . | . . . Utility . | . . . Weapon . | . . . Parts Attached 23 | 6 10 7 Power 3 | 1 1 1 Engine 3 | 1 1 1 Core . | . . . Reactor . | . . . Propulsion 6 | 2 2 2 Treads 4 | 2 2 . Leg 2 | . . 2 Wheel . | . . . Hover . | . . . Flight . | . . . Utility 5 | 1 2 2 Device 2 | . 1 1 Storage 1 | 1 . . Processor . | . . . Hackware . | . . . Protection 2 | . 1 1 Artifact . | . . . Weapon 9 | 2 5 2 Energy Gun 1 | . . 1 Energy Cannon . | . . . Ballistic Gun 5 | 2 2 1 Ballistic Cannon 3 | . 3 . Launcher . | . . . Special Weapon . | . . . Impact Weapon . | . . . Slashing Weapon . | . . . Piercing Weapon . | . . . Special Melee Weapon . | . . . Unidentified Prototypes . | . . . Parts Lost 5 | . . 5 Power 1 | . . 1 Propulsion . | . . . Utility 2 | . . 2 Weapon 2 | . . 2 Highest Loss Streak 4 | . . 4 To Critical Strikes . | . . . Average Backups 7 | 3 7 6 Power . | . 1 . Propulsion 2 | 2 3 1 Utility . | . . 1 Weapon 2 | . 2 1 Tool/Special . | . . . Unused Backups 10 | . 5 5 Power . | . . . Propulsion 5 | . 2 3 Utility 1 | . . 1 Weapon 3 | . 3 . Tool/Special 1 | . . 1 Average Slot Usage (%) 95 | . 96 92 Engine 13 | . 14 11 Treads 26 | . 28 21 Leg 1 | . . 6 Device 7 | . 6 12 Storage 13 | . 14 12 Protection 3 | . 4 . Ballistic Gun 17 | . 15 23 Ballistic Cannon 9 | . 12 . Peak Build Rating 22 | 6 10 22 Average Rating 9 | 5 8 12 On Entrance 5 | . 6 10 Avg Prop Armor Cover (%) 12 | . . 12 Naked Turns . | . . . Heaviest Build 17 | 10 17 17 Greatest Support 40 | 40 40 40 Greatest Overweight (x) 1 | 1 . . Average Overweight (x) . | . . . Largest Inventory Capacity 8 | 8 8 8 Average Capacity 7 | 7 8 7 Most Carried 8 | 6 8 8 Average Carried 7 | 3 7 7 Final Capacity 8 | 8 8 5 Final Carried 8 | 6 8 3 Class Distribution -------------------- 100% | Mutant Dominant Class ---------------- Mutant | -10/Materials Mutant | -10/Subcaves Resources | -11 -10 -10 ----------- Run | Yrd Mat Sub Matter Collected 759 | 260 319 180 Remotely . | . . . Salvage Created 442 | . 347 95 Parts 23 | . 22 1 Haulers Intercepted 1 | . 1 . Recyclers Shooed . | . . . Parts Field Recycled . | . . . Retrieved Matter . | . . . Parts Self-Destructed 3 | . . 3 Prevented . | . . . Parts Restored . | . . . Kills | -11 -10 -10 ------- Run | Yrd Mat Sub Combat Hostiles Destroyed 11 | . 8 3 Guns 5 | . 2 3 Cannons 6 | . 6 . Classes Destroyed 6 | . 4 2 Hauler 1 | . 1 . Operator 2 | . 2 . Watcher 3 | . 3 . Swarmer 1 | . . 1 Grunt 8 | . 8 . Subdweller 2 | . . 2 Best Kill Streak 5 | . 5 1 Combat Bots Only 5 | . 5 1 Max Kills in Single Turn 1 | . 1 1 Gunslinging . | . . . Exploded . | . . . Melee . | . . . Uniques/NPCs Destroyed . | . . . Combat | -11 -10 -10 -------- Run | Yrd Mat Sub Hostile Shots Fired 145 | . 27 118 Missed 46 | . 5 41 Hits 99 | . 22 77 Projectile 99 | . 22 77 Damage Taken 1429 | . 271 1158 Core 256 | . 21 235 Absorbed by Shields . | . . . Redirected to Shielding 22 | . 22 . Core Remaining (%) 100 | 100 . . Volleys Fired 61 | . 37 24 Largest 2 | . 2 2 Hottest 88 | . 60 88 Shots Fired 122 | . 74 48 Gun 82 | . 34 48 Cannon 40 | . 40 . Launcher . | . . . Special . | . . . Kinetic 114 | . 74 40 Thermal 8 | . . 8 Explosive . | . . . Electromagnetic . | . . . Robot Hit Streak 11 | . 11 8 Robot Miss Streak 5 | . 5 2 Penetration Max . | . . . Secondary Targets . | . . . Shots Hit Robots 73 | . 41 32 Core Hits 21 | . 16 5 Critical Kills . | . . . Critical Parts Destroyed 2 | . . 2 Critical Strikes 5 | . 1 4 Burn 1 | . . 1 Destroy 3 | . . 3 Blast 1 | . 1 . Melee Attacks . | . . . Impact . | . . . Slashing . | . . . Piercing . | . . . Sneak Attacks . | . . . Combat Hostiles . | . . . Follow-up Attacks . | . . . Damage Inflicted 1145 | . 689 456 Guns 739 | . 283 456 Cannons 393 | . 393 . Explosions . | . . . Melee . | . . . Ramming 13 | . 13 . Kinetic 1102 | . 676 426 Thermal 30 | . . 30 Explosive . | . . . Electromagnetic . | . . . Impact . | . . . Slashing . | . . . Piercing . | . . . Highest Corruption . | . . . Average Corruption . | . . . Corruption Purged . | . . . Corruption Blocked . | . . . Overload Shots . | . . . Overflow Damage . | . . . Projectiles . | . . . Explosions . | . . . Melee . | . . . Knockbacks 4 | . 4 . Impact . | . . . Kinetic 3 | . 3 . Secondary 1 | . 1 . Self-Inflicted Damage . | . . . Shots . | . . . Rammed 5 | . 5 . Targets Rammed 5 | . 5 . Kicked . | . . . Crushed . | . . . Highest Temperature 66 | . 66 28 Average Temperature 14 | . 15 10 Received Heat Transfer 546 | . 150 396 Siege Activations . | . . . Martial Activations . | . . . Shielding Activations . | . . . Robots Disrupted . | . . . Combat Hostiles . | . . . Robots Corrupted . | . . . Combat Hostiles . | . . . Parts Fried . | . . . Impact Corruptions . | . . . Robots Melted . | . . . Combat Hostiles . | . . . Parts Melted . | . . . Heat Transferred 148 | . . 148 Parts Sabotaged . | . . . Parts Stolen . | . . . Parts Stripped . | . . . Power Chain Reactions . | . . . Alert | -11 -10 -10 ------- Run | Yrd Mat Sub Maximum Alert Level . | . . . Low Security (%) 100 | 100 100 . Level 1 . | . . . Level 2 . | . . . Level 3 . | . . . Level 4 . | . . . Level 5 . | . . . High Security . | . . . Max Security . | . . . Peak Influence 109 | . 109 . Initial . | . . . Average 36 | . 39 . Influence Increases 370 | . 245 125 Destroy 0b10 Robot/C 180 | . 160 20 Destroy 0b10 Robot/NC 30 | . 30 . Destroy Leader 38 | . 38 . Destroy Structure 2 | . 2 . Lose Combat Pursuer 120 | . 15 105 Influence Decreases 370 | . 245 125 Time Decay 320 | . 245 75 Lost Part 50 | . . 50 Squads Dispatched 3 | . 3 . Investigation 1 | . 1 . Extermination . | . . . Reinforcement 2 | . 2 . Assault . | . . . Garrison . | . . . Intercept . | . . . Searches Triggered . | . . . Construction Impeded . | . . . Haulers Reinforced . | . . . Active Scanning Responses . | . . . Cargo Convoy Interrupts . | . . . Stealth | -11 -10 -10 --------- Run | Yrd Mat Sub Distress Signals 2 | . 2 . Communications Jammed . | . . . Distress Signals . | . . . Times Spotted 33 | . 19 14 Peak Tracking Total 6 | . 5 6 Tactical Retreats 3 | . 1 2 Traps | -11 -10 -10 ------- Run | Yrd Mat Sub Traps Triggered 1 | . 1 . Indirectly . | . . . Trap Hack Attempts . | . . . Triggered . | . . . Disarmed . | . . . Reprogrammed . | . . . Reused . | . . . Traps Extracted . | . . . Installed . | . . . Triggered . | . . . Machines | -11 -10 -10 ---------- Run | Yrd Mat Sub Machines Disabled . | . . . Max in Single Turn . | . . . Machines Repaired . | . . . Machines Dismantled . | . . . Machines Sabotaged . | . . . Overloaded Fab Kills . | . . . Hacking | -11 -10 -10 --------- Run | Yrd Mat Sub Machines Accessed 1 | . 1 . Terminals 1 | . 1 . Fabricators . | . . . Repair Stations . | . . . Recycling Units . | . . . Scanalyzers . | . . . Garrison Access . | . . . Total Hacks 1 | . 1 . Successful 1 | . 1 . Failed . | . . . Catastrophic . | . . . Database Lockouts . | . . . Manual . | . . . Terminals 1 | . 1 . Fabricators . | . . . Repair Stations . | . . . Recycling Units . | . . . Scanalyzers . | . . . Garrison Access . | . . . Terminal Hacks 1 | . 1 . Hauler Manifests 1 | . 1 . Fabricator Hacks . | . . . Repair Station Hacks . | . . . Recycling Unit Hacks . | . . . Scanalyzer . | . . . Garrison Access Hacks . | . . . Unauthorized Hacks . | . . . Terminals . | . . . Fabricators . | . . . Repair Stations . | . . . Recycling Units . | . . . Scanalyzers . | . . . Garrison Access . | . . . Data Cores Recovered . | . . . Used . | . . . Hacking Detections . | . . . Full Trace Events . | . . . Feedback Events . | . . . Feedback Blocked . | . . . Robot Schematics Acquired . | . . . Robots Built . | . . . Authchips . | . . . Time . | . . . Total Robot Build Rating . | . . . Part Schematics Acquired . | . . . Parts Built . | . . . Authchips . | . . . Time . | . . . Total Part Build Rating . | . . . Part Studies Acquired . | . . . Parts Repaired . | . . . Time . | . . . Parts Recycled . | . . . Recycled Matter . | . . . Retrieved Matter . | . . . Retrieved Components . | . . . Parts Scanalyzed . | . . . Part Schematics Acquired . | . . . Parts Damaged . | . . . Bothacking | -11 -10 -10 ------------ Run | Yrd Mat Sub Used RIF Installer . | . . . Robots Hacked . | . . . Non-combat . | . . . Combat . | . . . Robot Hacks Applied . | . . . Relay Couplers Released . | . . . Fabnet Peak Effective % . | . . . Robots Rewired . | . . . Allies Hacked . | . . . Hacks Repelled . | . . . Allies | -11 -10 -10 -------- Run | Yrd Mat Sub Total Allies . | . . . Largest Group . | . . . Highest-Rated Group . | . . . Highest-Rated Ally . | . . . Total Orders . | . . . Ally Attacks . | . . . Total Damage . | . . . Kills . | . . . Allies Corrupted . | . . . Allies Melted . | . . . Intel | -11 -10 -10 ------- Run | Yrd Mat Sub Active Infowar (turns) 565 | . 403 162 Sensors 565 | . 403 162 Robot Analysis Total . | . . . Derelict Logs Recovered . | . . . Drone Launches . | . . . Drone Recoveries . | . . . Exploration | -11 -10 -10 ------------- Run | Yrd Mat Sub Turns Passed 1165 | 85 839 241 Spaces Moved 574 | 46 432 96 Core 4 | 4 . . Treads 547 | 42 432 73 Legs 23 | . . 23 Wheels . | . . . Hover . | . . . Flight . | . . . Fastest Speed 50 | 50 160 120 Average Speed 157 | 153 160 150 Slowest Speed 160 | 160 160 160 Overloaded Moves . | . . . Propulsion Burnouts . | . . . Robots Hopped . | . . . Potential Cave-ins . | . . . Cave-ins Triggered . | . . . Exploration Rate (%) 23 | 3 58 10 Regions Visited 2 Branch Regions 1 Pre-discovered Areas . | . . . Known Exits Taken . | . . . Unknown Exits Taken 2 | 1 1 . Scrap Searched . | . . . Spaces Dug . | . . . Terrain Destroyed . | . . . Melee . | . . . Projectile . | . . . AOE . | . . . Terrain Rammed . | . . . Walls Destroyed . | . . . Machines Disabled . | . . . Actions | -11 -10 -10 --------- Run | Yrd Mat Sub Total 722 | 57 513 152 Wait 29 | . 8 21 Move 572 | 45 431 96 Hop . | . . . Pick Up 17 | 6 10 1 Fast Attach 9 | 6 2 1 Attach 5 | . 1 4 Detach . | . . . Swap 9 | . 7 2 Drop 15 | . 12 3 Fire 61 | . 37 24 Melee . | . . . Ram . | . . . Kick . | . . . Crush 5 | . 5 . Escape Stasis . | . . . Rewire . | . . . Trap . | . . . Miscellaneous . | . . . Route ------- -11/Scrapyard -10/Materials (discovered 5 exits: [*Mat x2] / [*Min x2] / [*Sub]) -10/Subcaves History --------- Turn | Location | Event 18 | -11/Scrapyard | Discovered new exit (range 16) 86 | -11/Scrapyard | Entered Materials 122 | -10/Materials | Discovered new exit (range 15) 304 | -10/Materials | Build established: Mutant 379 | -10/Materials | Discovered new exit (range 12) 571 | -10/Materials | Discovered new exit (range 3) 720 | -10/Materials | Discovered new exit (range 16) 909 | -10/Materials | Discovered new exit (range 11) 925 | -10/Materials | Entered Subcaves 965 | -10/Subcaves | A swath of the cavern ceiling suddenly collapsed 1027 | -10/Subcaves | Ambushed by swarm of Subdwellers 1079 | -10/Subcaves | Lost 4 allies 1098 | -10/Subcaves | Core integrity fell below 50% 1121 | -10/Subcaves | Core integrity fell below 20% 1148 | -10/Subcaves | Lost 4 parts (1p1u2w) 1166 | -10/Subcaves | Destroyed by 1D-T53(R) with Subdweller Laser Last Messages --------------- Ion Engine destroyed. Sensor Array destroyed. 5E-N0R(R) affixes Scrap Shield Fragment to Scrap Shield. 1D-T53(R) suffers critical hit (Destroy). Acquired 28 matter. Acquired Myomer Leg. Autogun destroyed. Acquired Carbon-fiber Leg. Acquired Phase Shifter. Acquired 115 matter. Subatomizers dissect the Disposable Heat Sink. Acquired 37 matter. Autogun destroyed. 5E-N0R(R) affixes Scrap Shield Fragment to Scrap Shield. 5E-N0R(R) suffers critical hit (Burn). Sml. Storage Unit destroyed. Dropped Phase Shifter. 5E-N0R(R) destroyed. Map ----- +----------------------------------------------------+ | ???????????????????????????????????????????????? | | ???????????????????????????????????????????????? | | ???????????????????????????????????????????????? | | ???????????????????????????????????????????????? | | ???????????????????????????????????????????????? | | ???????????????????????????????????????????????? | | ???????????????????????????????????????????????? | | ???????????????????????????????????????????????? | | ???????????????????????????????????????????????? | | ???????????????????????????????????????????????? | | ???????????????????????????????????????????????? | | ???????????????????????????????????????????????? | | ???????????????????????????????????????????????? | | ???????????????????????????????????????????????? | | ???????????????????????????????????????????????? | | ???????????????????????????????????????????????? | | ???????????????????????????????????????????????? | | ???????????????????????????????????????????????? | | ???????????????????????????????????????????????? | | ???????????????????????????????????????????????? | | ???????????????????????????????????????????????? | | ???????????????????????????????????????????????? | | ???????????????????????????????????????????????? | | ?????????????????????????????? #???????????????? | | ???????????????????????####? " #???????????????? | | ???????????????????????#;@## #???????????????? | | ????????????????????####% " """#???????????????? | | ???????????????????## R """"#???????????????? | | ??????????????????## "R #???????????????? | | ??????????????????# " ##???????????????? | | ?????????????????## "" "#????????????????? | | ?????????????????# ""##???????????????? | | ?????????????????## " ""#???????????????? | | ??????????????????# " ## "#???????????????? | | ??????????????????##" % ! #?###???????????????? | | ???????????????????###;*!#;#????##?????????????? | | ?????????????????????#%!%""#??## #?????????????? | | ?????????????????????## !%##??# #?????????????? | | ?????????????????????##! %#??## #?????????????? | | ??????????????????####[%[ #?## ##?????????????? | | ????????????????### [!%*### #??????????????? | | ???????????????## != !! ##??????????????? | | ????????? % "!"="* ##???????????????? | | ????????? % " #=!# ###????????????????? | | ????????? %% % " ## "###??????????????????? | | ?????????? ### #""""# ##???????????????????? | | ?????????? ???# """#"#""#???????????????????? | | ??????????????# #"#""""""#???????????????????? | | ??????????????# ? ####"# ##???????????????????? | | ????????????? ? ???##""##???????????????????? | +----------------------------------------------------+ Best States ------------- Heat Dissipation 25 Energy Generation 10 Energy Capacity 250 Matter Stores 300 Matter Capacity 300 Sight Range 16 Robot Scan Range 14 Terrain Scan Density 10 Armor Coverage 800 Propulsion Shielding 33 Phase Shifting 5 Evasion (%) 50 Recoil Reduction 2 Item Schematics ----------------- None Robot Schematics ------------------ None Fabricated ------------ Nothing Repaired ---------- Nothing Studied --------- None Alien Tech Used ----------------- None Achievements -------------- None Challenges ------------ None Game ------ Seed ShieldBottomlessTorch Manual? 0 Play Time 00:18:51 Cumulative 44.1 hours Start 2026.02.23 @ 17:45:27 End 2026.02.23 @ 18:03:21 Sessions 1 Manual Loads 0 Difficulty Rogue Special Mode None Game No. 55 Rogue 55 Adventurer 0 Explorer 0 Win Type - Total 0 Types 0/0/0/0/0/0/0/0/0/0 Lore% 31 Gallery% 25 Achievement% 18 Wizard Run 0 Options --------- Layout 1 ASCII 0 Keyboard 0 Movement Numpad Keybinds 0 Fullscreen 1 Font 24/Swanston Map View 50x35 Zoom Use 0% Tactical HUD 0 Map Filters NONE Filters NONE Steam 1 RUN: 22854a24-3d57-4bc9-8336-a2c3dba6fd39